 Dungeon Crawl Stone Soup version 0.21-a0-207-g4a9efaf (webtiles) character file.

923 Gorglomux the Skirmisher (level 8, -4/73 HPs)
             Began as a Hill Orc Conjurer on Aug 20, 2017.
             Was an Initiate of Wu Jian.
             Slain by a sky beast (6 damage)
             ... in the Ecumenical Temple.
             The game lasted 00:10:36 (5081 turns).

Gorglomux the Skirmisher (Hill Orc Conjurer)        Turns: 5081, Time: 00:10:37

Health: -4/73      AC:  7    Str: 13    XL:     8   Next: 10%
Magic:  1/10       EV: 10    Int: 15    God:    Wu Jian [......]
Gold:   231        SH:  0    Dex: 11    Spells: 7/10 levels left

rFire    . . .     SeeInvis .   t - +0 whip (elec)
rCold    . . .     Gourm    .   (no shield)
rNeg     . . .     Faith    .   h - +0 ring mail
rPois    +         Spirit   .   (no helmet)
rElec    .         Reflect  .   (no cloak)
rCorr    .         Harm     .   (no gloves)
MR       .....                  B - +0 pair of boots
Stlth    +.........             (no amulet)
HPRegen  0.22/turn              o - ring of poison resistance
MPRegen  0.12/turn              (no ring)

@: no status effects
A: no striking features
a: Renounce Religion


You were in the Ecumenical Temple.
You worshipped Wu Jian.
Wu Jian was noncommittal.
You were hungry.

You visited 2 branches of the dungeon, and saw 6 of its levels.

You collected 231 gold pieces.

Inventory:

Hand Weapons
 q - a +0 short sword
 t - a +0 whip of electrocution (weapon)
Armour
 a - a +0 robe
 h - a +0 ring mail (worn)
 B - a +0 pair of boots (worn)
Jewellery
 o - a ring of poison resistance (left hand)
Scrolls
 k - a scroll of remove curse
 p - 2 scrolls of fog {unknown}
 v - 5 scrolls of identify {unknown}
 w - 2 scrolls of teleportation {unknown}
 D - 2 scrolls of amnesia {unknown}
Potions
 g - 2 potions of degeneration {unknown}
 j - a potion of lignification {unknown}
 n - 4 potions of curing {unknown}
 r - 4 potions of haste {unknown}
 u - a potion of heal wounds {unknown}
 A - a potion of flight {unknown}
Books
 b - a book of Conjurations

   Spells                             Type                      Level
   a - Magic Dart                     Conjuration                  1
   b - Searing Ray                    Conjuration                  2
   c - Dazzling Spray                 Conjuration/Hexes            3
   d - Fulminant Prism                Conjuration/Hexes            4
   e - Force Lance                    Conjuration/Translocation    4
   f - Iskenderun's Mystic Blast      Conjuration                  4
Comestibles
 c - 3 bread rations
 z - 2 meat rations


   Skills:
 - Level 7.0 Fighting
 + Level 5.2 Maces & Flails
 + Level 4.5 Armour
 - Level 1.5 Dodging
 - Level 1.5 Stealth
 - Level 1.5 Spellcasting
 - Level 4.0 Conjurations


You had 7 spell levels left.
You knew the following spells:

 Your Spells              Type           Power        Failure   Level  Hunger
a - Magic Dart            Conj           ##..         9%          1    ##.....
b - Searing Ray           Conj           ##....       14%         2    ###....


Dungeon Overview and Level Annotations

Branches:
Dungeon (5/15)             Temple (1/1) D:5

Altars:
Ashenzari
Cheibriados
Dithmenos
Elyvilon
Fedhas
Gozag
Hepliaklqana
Kikubaaqudgha
Makhleb
Nemelex Xobeh
Okawaru
Qazlal
Ru
Sif Muna
Uskayaw
Vehumet
Wu Jian
Xom
Yredelemnul
Zin


Message History

The sky beast barely misses you!
Unknown command!
You barely miss the sky butt!
The sky beast is almost dead!
Unknown command!
You punish the sky beast but do no damage!
The sky beast is almost dead!
The sky beast hits you but does no damage!
Unknown command!
You closely miss the sky beast!
The sky beast is almost dead!
The sky beast flickers out of sight!!!
Deactivating autopickup; reactivate with Ctrl-A!
Something hits you but does no damage!
Unknown command!
You punish something, causing immense pain!
Something hits you! * * * don't die
* * * Butt shocks you! rip

#########
##._._._.##
##_......._##
##....≈.≈....##
#_...≈≈.≈≈{@._#
#...≈.≈.≈.≈...#
#_.≈≈≈...≈≈≈._#
#......<≈.....#
#_.≈≈≈...≈≈≈._#
#...≈.≈.≈.≈...#
#_...≈≈.≈≈..._#
##....≈.≈....##
##_......._##


There were no monsters in sight!

Vanquished Creatures
  The ghost of Gorglomux the Skirmisher, an amateur HOCj (D:3)
  The ghost of HAL9000 the Cutter, an amateur VSAs (D:4)
  A bullfrog (D:4)
  2 scorpions (D:4)
  A howler monkey (D:4)
  A crimson imp (D:5)
  2 hounds (D:4)
  An orc priest (D:4)
  2 orc wizards (D:3)
  An iguana (D:4)
  Robin (D:2)
  3 gnolls (D:2)
  8 adders
  A shadow imp (D:4)
  5 worms
  3 dart slugs
  3 leopard geckos
  3 orcs (D:4)
  A ball python (D:3)
  5 giant cockroaches
  6 goblins
  15 hobgoblins
  4 jackals (D:4)
  A quokka (D:3)
  11 bats
  4 frilled lizards
  5 kobolds
  7 rats
99 creatures vanquished.

Notes
Turn   | Place    | Note
-------+----------+-------------------------------------------
     0 | D:1      | Gorglomux the Hill Orc Conjurer began the quest for the Orb.
     0 | D:1      | Reached XP level 1. HP: 14/14 MP: 3/3
    84 | D:1      | Reached skill level 1 in Fighting
   174 | D:1      | Reached skill level 2 in Fighting
   174 | D:1      | Reached XP level 2. HP: 14/24 MP: 0/4
   699 | D:1      | Learned a level 2 spell: Searing Ray
   812 | D:2      | Reached skill level 3 in Fighting
   812 | D:2      | Reached XP level 3. HP: 20/31 MP: 0/5
  1295 | D:2      | Reached skill level 4 in Fighting
  1336 | D:2      | Found a snail-covered altar of Cheibriados.
  1398 | D:2      | Reached XP level 4. HP: 39/40 MP: 4/6
  1739 | D:2      | Noticed Robin
  1753 | D:2      | Reached skill level 5 in Fighting
  1877 | D:2      | Killed Robin
  1877 | D:2      | Reached XP level 5. HP: 23/48 MP: 7/7
  2576 | D:3      | Reached skill level 6 in Fighting
  3113 | D:3      | Noticed Gorglomux's ghost (amateur HOCj)
  3127 | D:3      | Killed Gorglomux's ghost
  3127 | D:3      | Reached skill level 7 in Fighting
  3127 | D:3      | Reached XP level 6. HP: 22/60 MP: 3/8
  3315 | D:4      | Noticed HAL9000's ghost (amateur VSAs)
  3573 | D:4      | Killed HAL9000's ghost
  3573 | D:4      | Reached skill level 3 in Maces & Flails
  3573 | D:4      | Reached XP level 7. HP: 26/66 MP: 3/9
  4345 | D:3      | Reached skill level 3 in Armour
  4688 | D:4      | Reached XP level 8. HP: 73/73 MP: 10/10
  4733 | D:4      | Found a basalt altar of Yredelemnul.
  4963 | D:5      | Entered Level 5 of the Dungeon
  4979 | D:5      | Found a staircase to the Ecumenical Temple.
  5025 | Temple   | Entered the Ecumenical Temple
  5036 | Temple   | Became a worshipper of the Wu Jian Council
  5081 | Temple   | HP: 2/73 [something (3)]
  5081 | Temple   | Slain by a sky beast

Vault maps used:
D:1:      wheals_arrival_shading
D:2:      kennysheep_slug_shrine, uniq_robin
D:3:      kennysheep_nub
D:4:      nicolae_overflow_crystal_walls, first_bread
D:5:      kennysheep_mini_moat, minmay_temple_entry_junction
Temple:   nicolae_temple_no_exploring_needed

Skill      XL: |  1  2  3  4  5  6  7 |
---------------+----------------------+-----
Fighting       | 2 3 4 5 7 |  7.0
Maces & Flails | 2 3 5 |  5.2
Armour         | 2 4 |  4.5
Dodging        | |  1.5
Stealth        | |  1.5
Spellcasting   | |  1.5
Conjurations   | |  4.0

Action                   |  1- 3 |  4- 6 |  7- 9 || total
-------------------------+-------+-------+-------++-------
Melee: Unarmed           |    15 |       |       ||    15
       Short sword       |    32 |       |       ||    32
       Dagger            |    15 |       |       ||    15
       Whip              |    34 |   191 |   117 ||   342
 Cast: Magic Dart        |    36 |    16 |     5 ||    57
       Searing Ray       |     3 |     6 |     4 ||    13
  Use: Scroll            |     1 |       |       ||     1
 Stab: Sleeping          |       |     4 |     1 ||     5
  Eat: Chunk             |     3 |     6 |     3 ||    12
       Fruit             |       |       |     2 ||     2
       Royal jelly       |       |       |     1 ||     1
Armor: Robe              |    31 |    23 |     2 ||    56
       Ring mail         |       |       |    42 ||    42
Dodge: Dodged            |   103 |   110 |    53 ||   266
